 Dungeon Crawl Stone Soup version 0.27-a0-1416-g941b2bd30b (webtiles) character file.

Game seed: 16492222662945218504

443 Brandom the Insei (level 7, -22/42 HPs)
             Began as an Octopode Transmuter on July 1, 2021.
             Was a Priest of Jiyva.
             Annihilated by Duvessa the slime creature (30 damage)
             ... on level 6 of the Dungeon.
             The game lasted 00:11:59 (6010 turns).

Brandom the Insei (Octopode Transmuter)             Turns: 6010, Time: 00:12:00

Health: -22/42     AC:  1    Str: 10    XL:     7   Next: 2%
Magic:  2/11       EV: 14    Int: 13    God:    Jiyva [***...]
Gold:   29         SH:  0    Dex: 16    Spells: 8/12 levels left

rFire    . . .     SeeInvis .     - Unarmed
rCold    . . .     Faith    .   (no shield)
rNeg     . . .     Spirit   .   (helmet restricted)
rPois    .         Reflect  .   (no amulet)
rElec    .         Harm     .   f - ring of wizardry
rCorr    +         Rampage  .   (no ring)
Will     .....                  (no ring)
Stlth    ++........             (no ring)
HPRegen  0.14/turn              (no ring)
MPRegen  0.12/turn              (no ring)
                                (no ring)
                                (no ring)

@: no status effects
A: almost no armour, amphibious, 8 rings, camouflage 1, gelatinous body 1,
(nimble swimmer 1), tentacles, frail 1
a: Renounce Religion, Request Jelly


You were on level 6 of the Dungeon.
You worshipped Jiyva.
Jiyva was most pleased with you.
You visited 1 branch of the dungeon, and saw 6 of its levels.

You collected 79 gold pieces.
You spent 50 gold pieces at shops.

Inventory:

Jewellery
 f - a ring of wizardry (left tentacle)
   (You found it on level 4 of the Dungeon)
Scrolls
 a - a scroll of magic mapping {unknown}
 e - a scroll of blinking {unknown}
 h - a scroll of noise {unknown}
Potions
 b - 3 potions of heal wounds {@q2}
 c - 2 potions of mutation {unknown}
 d - a potion of invisibility {unknown}
 g - a potion of haste {unknown}


   Skills:
 * Level 3.9 Fighting
 + Level 3.2 Dodging
 + Level 4.0 Unarmed Combat
 + Level 3.0 Spellcasting
 + Level 3.2 Transmutations
 + Level 1.9 Ice Magic


You had 8 spell levels left.
You knew the following spells:

 Your Spells              Type           Power      Damage    Failure   Level
a - Beastly Appendage     Tmut           20%        N/A       2%          1
b - Frozen Ramparts       Ice            12%        1d3       12%         3

Your spell library contained the following spells:

 Spells                   Type           Power      Damage    Failure   Level
 Wereblood                Tmut           10%        N/A       3%          2
 Spider Form              Tmut/Pois      3%         N/A       14%         3
 Ice Form                 Ice/Tmut       8%         N/A       30%         4
 Summon Ice Beast         Ice/Summ       4%         N/A       50%         4


Dungeon Overview and Level Annotations

Branches:
Dungeon (6/15)
 Temple: D:4-7

Altars:
Xom
Jiyva

Shops:
D:1 [   D:2 *   D:5 :!(

Annotations:
D:6 Duvessa


Innate Abilities, Weirdness & Mutations

You cannot wear most types of armour.
You are amphibious.
You can wear up to eight rings at the same time.
Your skin changes colour to match your surroundings (Stealth+).
Your rubbery body absorbs attacks. (AC +1, EV +1)
((You are camouflaged near water. (Stealth+)))
You have tentacles for arms and can constrict up to eight enemies at once.
You are frail. (-10% HP)


Message History

Duvessa quivers uncontrollably and liquefies into a slime creature!
The frozen ramparts melt away.
You start resting.
You hear a slurping noise.
Jiyva appreciates your sacrifice.
Dowan is nearby!
You are too injured to fight recklessly!
Dowan closely misses you.
The spell is quite dangerous to cast (13% risk of failure)!
Continue anyway?
You miscast Frozen Ramparts.
You are very lightly contaminated with residual magic.
Nothing appears to happen.
Dowan hits you with a +0 dagger.
* * * LOW HITPOINT WARNING * * *
You don't have enough magic to cast this spell.
You tentacle-slap Dowan.
Duvessa gets angry again!
You grab Dowan.
You pierce Dowan.
You constrict Dowan, but do no damage. Duvessa trembles before you.
You tentacle-slap Dowan.
Duvessa gets angry again!
You pierce Dowan.
You constrict Dowan. Dowan hits you with a +0 dagger.
* * * LOW HITPOINT WARNING * * *
You tentacle-slap Dowan but do no damage.
Your tentacle spike misses Dowan.
You constrict Dowan.
You kill Dowan!
Duvessa goes berserk!
Duvessa barely misses you.
You have reached level 7!
Your transformation is almost over.
Things that are here:
a +0 dagger; a +0 robe; a fuming green potion Duvessa is nearby!
Really attack the Duvessa?
This attack would place you under penance! [Y]es or [N]o only, please.
Really attack the Duvessa?
This attack would place you under penance! [Y]es or [N]o only, please.
Really attack the Duvessa?
This attack would place you under penance!
Okay, then.
Okay, then.
Duvessa completely misses you.
Found a stone staircase leading down.
Duvessa closely misses you. Duvessa closely misses you.
Your magical contamination has completely faded away.
Duvessa hits you!
* * * LOW HITPOINT WARNING * * *
Duvessa closely misses you.
Your tentacle spike disappears.
Duvessa hits you!!
Ouch! That really hurt!
You die...

...........###...##...
##.............#......
.........###..........
.......#####.....##...#
###...##.........#...#
####..............#...#
#.........>...........
...#....................#
##.............@J.#.#...#
...#..........#.#...#...#
.. #...##....####......##
. ##.# ##..## ##.......#
...###...# ##...#..###
..........###........#
...........##........##
...........)##.........
......................


You could see Duvessa the slime creature (berserk).

Vanquished Creatures
  A phantom (D:4)
  A scorpion (D:3)
  Dowan (D:6)
  2 orc wizards (D:3)
  3 iguanas
  A hound skeleton (D:4)
  A howler monkey zombie (D:5)
  2 gnolls
  8 adders
  An adder skeleton (D:4)
  A worm (D:5)
  A dart slug (D:4)
  6 orcs
  3 endoplasms (D:1)
  4 goblins
  2 hobgoblins
  4 quokkas
  3 ball pythons
  4 bats
  2 frilled lizards
  7 kobolds
  13 rats
71 creatures vanquished.

Vanquished Creatures (others)
  A necrophage (D:5)
  2 ogres
  A kobold brigand (D:6)
  6 jellies
  A bullfrog zombie (D:6)
  A bullfrog skeleton (D:5)
  2 hounds (D:5)
  A gnoll shaman (D:6)
  2 iguanas (D:5)
  Natasha (thrice) (D:2)
  5 gnolls
  3 adders (D:3)
  2 worms (D:2)
  A dart slug (D:3)
  10 orcs
  3 endoplasms
  2 giant cockroaches (D:2)
  2 goblins (D:2)
  3 hobgoblins (D:2)
  3 quokkas
  3 ball pythons
  3 bats
  A frilled lizard (D:2)
  3 kobolds
  6 rats (D:2)
70 creatures vanquished.

Grand Total: 141 creatures vanquished

Notes
Turn   | Place    | Note
-------+----------+-------------------------------------------
     0 | D:1      | Brandom the Octopode Transmuter began the quest for the
                  | Orb.
     0 | D:1      | Reached XP level 1. HP: 13/13 MP: 3/3
   440 | D:1      | Reached XP level 2. HP: 18/18 MP: 5/5
   663 | D:1      | Found Imnautal's Armour Shop.
   748 | D:1      | Found a faded altar of an unknown god.
   752 | D:1      | Became a worshipper of Jiyva Judank the Shapeless
   752 | D:1      | Reached * piety under Jiyva
   857 | D:2      | Reached XP level 3. HP: 21/24 MP: 6/6
  1075 | D:2      | Killed Natasha
  1243 | D:2      | Killed Natasha
  1300 | D:2      | Killed Natasha
  1562 | D:2      | Found a shimmering altar of Xom.
  1703 | D:2      | Found Jebaroz's Assorted Antiques.
  2363 | D:3      | Reached XP level 4. HP: 22/30 MP: 7/7
  2415 | D:3      | Noticed a scorpion
  2420 | D:3      | Learned a level 3 spell: Frozen Ramparts
  2427 | D:3      | Killed a scorpion
  2428 | D:3      | Reached XP level 5. HP: 25/35 MP: 8/8
  2588 | D:3      | Reached ** piety under Jiyva
  3943 | D:4      | Reached skill level 1 in Ice Magic
  3969 | D:4      | Noticed a phantom
  3987 | D:4      | Killed a phantom
  3988 | D:4      | Reached XP level 6. HP: 17/42 MP: 5/10
  4554 | D:4      | You fall into a shaft and drop 1 floor!
  4554 | D:5      | Entered Level 5 of the Dungeon
  4554 | D:5      | Found Otodel Dag's Antique Weapon Shop.
  4587 | D:5      | Noticed a necrophage
  4861 | D:5      | Reached *** piety under Jiyva
  4913 | D:5      | Killed a necrophage
  5150 | D:5      | Gained mutation: You are frail. (-10% HP) [Jiyva's grace]
  5230 | D:5      | Found Eliopon's Distillery.
  5234 | D:5      | Found Bakaps's Book Shoppe.
  5238 | D:5      | Bought a potion of heal wounds for 50 gold pieces
  5788 | D:6      | Reached skill level 4 in Unarmed Combat
  5888 | D:6      | Reached **** piety under Jiyva
  5977 | D:6      | Noticed Duvessa
  5985 | D:6      | Noticed Dowan
  5990 | D:6      | Slimified Duvessa
  5990 | D:6      | Noticed Duvessa
  5990 | D:6      | Duvessa changed into Duvessa the slime creature
  5998 | D:6      | Killed Dowan
  5999 | D:6      | Reached XP level 7. HP: 17/42 MP: 0/11
  6010 | D:6      | Annihilated by Duvessa the slime creature

Illustrated notes

Levels and vault maps discovered:
D:1:      dpeg_arrival_arbitrary_b, layout_basic, serial_shops, shop,
          hellmonk_ecumenical_altar_leap_of_faith
D:2:      layout_basic, serial_shops, nicolae_diamond_shop, basic_altar,
          minmay_rat_hole, uniq_natasha
D:3:      layout_basic
D:4:      layout_gridville
D:5:      layout_rooms, cheibrodos_sewer_entry_bend, serial_shops, shop,
          nicolae_wooded_promenade
D:6:      layout_cave_pools, minmay_temple_entry_nine_rooms, ebering_ghost_xom,
          uniq_sigmund, uniq_duvessa

Skill      XL: |  1  2  3  4  5  6 |
---------------+-------------------+-----
Fighting       | 2 3 |  3.9
Ice Magic      | 1 |  1.9
Dodging        | 3 |  3.2
Transmutations | 3 |  3.2
Spellcasting   | 3 |  3.0
Unarmed Combat | 4 |  4.0

Action                   |  1- 3 |  4- 6 |  7- 9 || total
-------------------------+-------+-------+-------++-------
Melee: Unarmed           |    80 |   124 |       ||   204
       Constrict         |    21 |    29 |       ||    50
       Tentacles         |    11 |    22 |       ||    33
       Kick              |     6 |    24 |       ||    30
       Punch             |       |     2 |       ||     2
 Cast: Beastly Appendage |     6 |    13 |       ||    19
       Frozen Ramparts   |       |     2 |       ||     2
Invok: Request Jelly     |       |     1 |       ||     1
       Slimify           |       |     1 |       ||     1
 Stab: Sleeping          |     6 |     4 |       ||    10
Armor: Skin              |     9 |     5 |       ||    14
Dodge: Dodged            |    43 |    65 |     4 ||   112

Table legend: (Time is in decaauts)
 A = Elapsed time spent in this place.
 B = Non-inter-level travel time spent in this place.
 C = Inter-level travel time spent in this place.
 D = Time resting spent in this place.
 E = Time spent auto-exploring this place.
 F = Levels seen in this place.
 G = Mean time per level.
                   A        B        C        D        E       F      G
               +--------+--------+--------+--------+--------+-----+--------+
         Total |   5997 |   5797 |    200 |    649 |   4579 |   6 |  999.5 |
       Dungeon |   5997 |   5797 |    200 |    649 |   4579 |   6 |  999.5 |
               +--------+--------+--------+--------+--------+-----+--------+

Top non-repeatable levels by time:
     D:3: 1693 daAuts
     D:2: 1238 daAuts
     D:4: 1049 daAuts
     D:5: 868 daAuts
     D:1: 827 daAuts
     D:6: 320 daAuts
